 Dungeon Crawl Stone Soup version 0.29-a0-356-g7bc237e783 (webtiles) character file.

Game seed: 7317899565600275450

37 NinjaNoafa the Chopper (level 3, 0/49 HPs)
             Began as a Hill Orc Monk on Apr 26, 2022.
             Slain by a gnoll
             ... wielding a +0 halberd
              (6 damage)
             ... on level 2 of the Dungeon.
             The game lasted 00:03:24 (1074 turns).

NinjaNoafa the Chopper (Hill Orc Monk)              Turns: 1074, Time: 00:03:25

Health: 0/49       AC: 21    Str: 15    XL:     3   Next: 39%
Magic:  3/3        EV:  2    Int: 10    God:
Gold:   34         SH:  0    Dex: 13    Spells: 2/2 levels left

rFire   . . .      SeeInvis .   a - +0 hand axe
rCold   . . .      Faith    .   (no shield)
rNeg    . . .      Spirit   .   (body armour currently unavailable)
rPois   +          Reflect  .   (helmet currently unavailable)
rElec   .          Harm     .   (cloak currently unavailable)
rCorr   .          Rampage  .   (gloves currently unavailable)
Will    .....      NoTele   +   (boots currently unavailable)
Stlth   ++........              (no amulet)
HPRegen 0.16/turn               (no ring)
MPRegen 0.08/turn               (no ring)

@: tree-form
A: stationary, stasis, torment immunity, boosted hp
a: no special abilities


You were on level 2 of the Dungeon.
You were a tree.
You visited 1 branch of the dungeon, and saw 2 of its levels.

You collected 34 gold pieces.

Inventory:

Hand Weapons
 a - a +0 hand axe (weapon)
 f - a +0 hunting sling
Armour
 b - a +0 robe (melded)
 e - a +0 pair of boots (melded)
Scrolls
 d - 2 scrolls of teleportation
Potions
 c - 2 potions of ambrosia


   Skills:
 + Level 4.2 Fighting
 + Level 4.7 Axes
 + Level 1.7 Armour
 - Level 2.4 Dodging
 - Level 1.5 Stealth


You had 2 spell levels left.
You didn't know any spells.
Your spell library was empty.

Dungeon Overview and Level Annotations

Branches:
Dungeon (1/15)

Altars:


Message History

The bat hits you but does no damage.
You hit the bat.
You kill the bat!
You closely miss the gnoll. The gnoll hits you with a +0 whip.
You hit the gnoll. You punch the gnoll.
The gnoll is heavily wounded.
The gnoll hits you with a +0 whip. The gnoll hits you but does no damage.
You hit the gnoll.
The gnoll is almost dead.
The gnoll hits you but does no damage. x2
You hit the gnoll.
You kill the gnoll!
The gnoll hits you but does no damage.
You hit the gnoll but do no damage.
The gnoll hits you but does no damage. x4
You hit the gnoll but do no damage.
The gnoll hits you but does no damage. x2
You barely miss the gnoll. The gnoll hits you with a +0 flail.
The gnoll barely misses you.
You hit the gnoll.
The gnoll is lightly wounded.
The gnoll hits you but does no damage.
The gnoll hits you from afar with a +0 halberd!
* * * LOW HITPOINT WARNING * * *
You closely miss the gnoll.
The gnoll is lightly wounded.
The gnoll hits you but does no damage. x2
You hit the gnoll.
The gnoll is heavily wounded.
The gnoll hits you with a +0 flail!
* * * LOW HITPOINT WARNING * * *
The gnoll hits you but does no damage.
You hit the gnoll but do no damage.
The gnoll is heavily wounded.
The gnoll hits you but does no damage. x2
You hit the gnoll.
The gnoll is severely wounded.
The gnoll hits you but does no damage. x2
You hit the gnoll.
You kill the gnoll!
The gnoll hits you from afar with a +0 halberd.
You die...

#..(.........
#............
#............
#............ ####
#...........
#....##K.....#...
#.....ggg#####
....##)## ##..##♣#
###>.#.####
#.........#
#.........#
#.........# .. ....
#.......[.##.#.....
#.........##.#.....
#..................
#............#....


You could see 2 gnolls, a goblin and a kobold.

Vanquished Creatures
  2 gnolls (D:2)
  A dart slug (D:1)
  A ball python (D:1)
  2 endoplasms (D:1)
  A giant cockroach (D:2)
  3 goblins
  3 hobgoblins
  4 bats
  3 frilled lizards (D:1)
  A kobold (D:2)
  5 rats
26 creatures vanquished.

Notes
Turn   | Place    | Note
-------+----------+-------------------------------------------
     0 | D:1      | NinjaNoafa the Hill Orc Monk began the quest for the Orb.
     0 | D:1      | Reached XP level 1. HP: 19/19 MP: 1/1
   358 | D:1      | Reached XP level 2. HP: 10/27 MP: 2/2
   579 | D:1      | Reached skill level 1 in Armour
   914 | D:1      | You fall into a shaft and drop 1 floor!
  1016 | D:2      | Reached XP level 3. HP: 31/33 MP: 3/3
  1074 | D:2      | Slain by a gnoll

Illustrated notes

Levels and vault maps discovered:
D:1:      dpeg_arrival_solitude, layout_loops_ring
D:2:      layout_rooms, shapermc_ecumenical_altar_starsandcircs,
          lemuel_flame_loot_1

Skill      XL: |  1  2 |
---------------+-------+-----
Armour         | 1 |  1.7
Fighting       | 4 |  4.2
Axes           | |  4.7
Dodging        | |  2.4
Stealth        | |  1.5

Action                   || total
-------------------------++-------
Melee: Hand axe          ||    79
       Punch             ||     1
 Fire: Hunting sling     ||     7
  Use: Scroll            ||     3
       Potion            ||     3
 Stab: Sleeping          ||     3
Armor: Robe              ||    45
       Skin              ||    21
Dodge: Dodged            ||    93

Table legend: (Time is in decaauts)
 A = Elapsed time spent in this place.
 B = Non-inter-level travel time spent in this place.
 C = Inter-level travel time spent in this place.
 D = Time resting spent in this place.
 E = Time spent auto-exploring this place.
 F = Levels seen in this place.
 G = Mean time per level.
                   A        B        C        D        E       F      G
               +--------+--------+--------+--------+--------+-----+--------+
         Total |   1082 |   1082 |      0 |      0 |    777 |   2 |  541.0 |
       Dungeon |   1082 |   1082 |      0 |      0 |    777 |   2 |  541.0 |
               +--------+--------+--------+--------+--------+-----+--------+

Top non-repeatable levels by time:
     D:1: 918 daAuts
     D:2: 164 daAuts
